| TOP OF THE 1ST |
|
University of Georgia Bulldogs batting - Pitching for California State University at Fullerton Titans : RHP John Woods
|
|
Pitching: RHP John Woods
|
|
|
Batting: RHB Justin Szymczyk
|
0-0: Ball 1-0: Ball 2-0: Ball 3-0: Base on Balls
|
|
Batting: RHB Pat Svenson
|
0-0: Ball 1-0: Ball 2-0: Ball 3-0: Called Strike 3-1: Foul Ball, location: 2F 3-2: Fielders Choice at 2nd, 1-4 (Groundball, 15S, EV 68.8 MPH)
|
|
Batting: RHB Murilo Cunha
|
0-0: Ball 1-0: Fly out, F7 (Flyball, 78S, EV 96.2 MPH)
|
|
Batting: RHB Rodolfo Solis
|
0-0: Ball 1-0: Ball 2-0: Called Strike 2-1: Ball 3-1: Ground out 4-3 (Groundball, 34, EV 85.0 MPH)
|
| Top of the 1st over - 0 runs, 0 hits, 0 errors, 1 left on base; University of Georgia 0 - California State University at Fullerton 0 |
| BOTTOM OF THE 1ST |
|
California State University at Fullerton Titans batting - Pitching for University of Georgia Bulldogs : RHP Rich Gold
|
|
Pitching: RHP Rich Gold
|
|
|
Batting: LHB Steve Lane
|
0-0: Called Strike 0-1: Swinging Strike 0-2: Fly out, F9 (Line Drive, 9, EV 90.0 MPH)
|
|
Batting: RHB Sergio Cervantes
|
0-0: Called Strike 0-1: Called Strike 0-2: Ball 1-2: Strikes out swinging
|
|
Batting: RHB Justin Thomas
|
0-0: Swinging Strike 0-1: Ball 1-1: Foul Ball, location: 2F 1-2: Ball 2-2: Foul Ball, location: 2F 2-2: Ground out 5-3 (Groundball, 56, EV 103.8 MPH)
|
| Bottom of the 1st over - 0 runs, 0 hits, 0 errors, 0 left on base; University of Georgia 0 - California State University at Fullerton 0 |
| TOP OF THE 2ND |
|
University of Georgia Bulldogs batting - Pitching for California State University at Fullerton Titans : RHP John Woods
|
|
Batting: LHB Andy Dyer
|
0-0: Fly out, F7 (Flyball, 78S, EV 88.8 MPH)
|
|
Batting: LHB Bryan Ross
|
0-0: Ball 1-0: Swinging Strike 1-1: Swinging Strike 1-2: Strikes out swinging
|
|
Batting: RHB Ed Howard
|
0-0: Ball 1-0: Foul Ball, location: 2F 1-1: Foul Ball, location: 2F 1-2: Foul Ball, location: 2F 1-2: Strikes out looking
|
| Top of the 2nd over - 0 runs, 0 hits, 0 errors, 0 left on base; University of Georgia 0 - California State University at Fullerton 0 |
| BOTTOM OF THE 2ND |
|
California State University at Fullerton Titans batting - Pitching for University of Georgia Bulldogs : RHP Rich Gold
|
|
Batting: LHB John Blumberg
|
0-0: Foul Ball, location: 2F 0-1: Swinging Strike 0-2: Ball 1-2: Ball 2-2: Strikes out swinging
|
|
Batting: RHB Simon Sultzbach
|
0-0: Called Strike 0-1: Ball 1-1: SINGLE (Groundball, 4MD, EV 106.2 MPH)
|
|
Batting: RHB Joe McKinzie
|
0-0: Ball 1-0: Ball 2-0: Called Strike 2-1: Ball 3-1: Called Strike 3-2: Fielders Choice at 2nd, 4-6 (Groundball, 34, EV 101.9 MPH)
|
|
Batting: RHB Alex Freyre
|
0-0: Called Strike 0-1: Foul Ball, location: 2F 0-2: Strikes out looking
|
| Bottom of the 2nd over - 0 runs, 1 hit, 0 errors, 1 left on base; University of Georgia 0 - California State University at Fullerton 0 |
| TOP OF THE 3RD |
|
University of Georgia Bulldogs batting - Pitching for California State University at Fullerton Titans : RHP John Woods
|
|
Batting: LHB Luis Mejia
|
0-0: Called Strike 0-1: Ball 1-1: Foul Ball, location: 2F 1-2: Ball 2-2: Ground out 4-3 (Groundball, 4, EV 86.2 MPH)
|
|
Batting: RHB Jeff Wornick
|
0-0: Ball 1-0: Ground out U3 (Groundball, 3, EV 93.8 MPH)
|
|
Batting: RHB Justin Szymczyk
|
0-0: Ball 1-0: Ball 2-0: SINGLE (Groundball, 56D, EV 106.9 MPH)
|
|
Batting: RHB Pat Svenson
|
0-0: Ball 1-0: Ball 2-0: Called Strike 2-1: Foul Ball, location: 2F 2-2: Fielders Choice at 2nd, 6-4 (Groundball, 6, EV 87.5 MPH)
|
| Top of the 3rd over - 0 runs, 1 hit, 0 errors, 1 left on base; University of Georgia 0 - California State University at Fullerton 0 |
| BOTTOM OF THE 3RD |
|
California State University at Fullerton Titans batting - Pitching for University of Georgia Bulldogs : RHP Rich Gold
|
|
Batting: RHB Jeremy Evans
|
0-0: Ball 1-0: Ball 2-0: Called Strike 2-1: Called Strike 2-2: Ground out 6-3 (Groundball, 6, EV 79.4 MPH)
|
|
Batting: RHB Zach Warwick
|
0-0: Ball 1-0: Ball 2-0: Called Strike 2-1: Ball 3-1: Foul Ball, location: 2F 3-2: Fly out, F8 (Line Drive, 8LM, EV 85.0 MPH)
|
|
Batting: LHB Steve Lane
|
0-0: Ball 1-0: Foul Ball, location: 2F 1-1: Ball 2-1: SINGLE (Groundball, 34D, EV 95.0 MPH)
|
|
Batting: RHB Sergio Cervantes
|
0-0: Ball 1-0: Called Strike 1-1: SINGLE (Line Drive, 3D, EV 96.9 MPH) Steve Lane to second Runner from 2nd tries for 3rd, SAFE, no throw by RF
|
|
Batting: RHB Justin Thomas
|
0-0: Foul Ball, location: 2F 0-1: Ball 1-1: Called Strike 1-2: Ground out 4-3 (Groundball, 34, EV 97.5 MPH)
|
| Bottom of the 3rd over - 0 runs, 2 hits, 0 errors, 2 left on base; University of Georgia 0 - California State University at Fullerton 0 |
| TOP OF THE 4TH |
|
University of Georgia Bulldogs batting - Pitching for California State University at Fullerton Titans : RHP John Woods
|
|
Batting: RHB Murilo Cunha
|
0-0: SINGLE (Line Drive, 3D, EV 106.9 MPH)
|
|
Batting: RHB Rodolfo Solis
|
Pickoff Play to 1st, Runner tries for 2nd, OUT after rundown. 0-0: Ball 1-0: Fly out, F8 (Flyball, 78D, EV 105.0 MPH)
|
|
Batting: LHB Andy Dyer
|
0-0: Swinging Strike 0-1: Foul Ball, location: 2F 0-2: Strikes out swinging
|
| Top of the 4th over - 0 runs, 1 hit, 0 errors, 0 left on base; University of Georgia 0 - California State University at Fullerton 0 |
| BOTTOM OF THE 4TH |
|
California State University at Fullerton Titans batting - Pitching for University of Georgia Bulldogs : RHP Rich Gold
|
|
Batting: LHB John Blumberg
|
0-0: SINGLE (Flyball, 8RS, EV 91.2 MPH)
|
|
Batting: RHB Simon Sultzbach
|
0-0: Ball 1-0: Swinging Strike 1-1: Swinging Strike 1-2: Foul Ball, location: 2F 1-2: Strikes out swinging
|
|
Batting: RHB Joe McKinzie
|
0-0: Ball 1-0: Fielders Choice at 2nd, 4-6 (Groundball, 13, EV 85.6 MPH)
|
|
Batting: RHB Alex Freyre
|
0-0: Ball 1-0: Swinging Strike 1-1: Ball 2-1: Ground out 4-3 (Groundball, 4MD, EV 95.6 MPH)
|
| Bottom of the 4th over - 0 runs, 1 hit, 0 errors, 1 left on base; University of Georgia 0 - California State University at Fullerton 0 |
| TOP OF THE 5TH |
|
University of Georgia Bulldogs batting - Pitching for California State University at Fullerton Titans : RHP John Woods
|
|
Batting: LHB Bryan Ross
|
0-0: Called Strike 0-1: Ball 1-1: Called Strike 1-2: Ball 2-2: Ball 3-2: Strikes out looking
|
|
Batting: RHB Ed Howard
|
0-0: Ball 1-0: Swinging Strike 1-1: Ground out 5-3 (Groundball, 56S, EV 91.2 MPH)
|
|
Batting: LHB Luis Mejia
|
0-0: Called Strike 0-1: Swinging Strike 0-2: Foul Ball, location: 2F 0-2: Foul Ball, location: 2F 0-2: Foul Ball, location: 2F 0-2: Strikes out swinging
|
| Top of the 5th over - 0 runs, 0 hits, 0 errors, 0 left on base; University of Georgia 0 - California State University at Fullerton 0 |
| BOTTOM OF THE 5TH |
|
California State University at Fullerton Titans batting - Pitching for University of Georgia Bulldogs : RHP Rich Gold
|
|
Batting: RHB Jeremy Evans
|
0-0: Ball 1-0: Foul Ball, location: 2F 1-1: Ball 2-1: Foul Ball, location: 2F 2-2: Foul Ball, location: 2F 2-2: Foul Ball, location: 2F 2-2: Ground out 5-3 (Groundball, 5S, EV 65.0 MPH)
|
|
Batting: RHB Zach Warwick
|
0-0: Called Strike 0-1: Called Strike 0-2: Ground out 4-3 (Groundball, 34, EV 106.2 MPH)
|
|
Batting: LHB Steve Lane
|
0-0: Foul Ball, location: 2F 0-1: Ball 1-1: Called Strike 1-2: Ball 2-2: Ball 3-2: Ground out 6-3 (Groundball, 6, EV 78.1 MPH)
|
| Bottom of the 5th over - 0 runs, 0 hits, 0 errors, 0 left on base; University of Georgia 0 - California State University at Fullerton 0 |
| TOP OF THE 6TH |
|
University of Georgia Bulldogs batting - Pitching for California State University at Fullerton Titans : RHP John Woods
|
|
Batting: RHB Jeff Wornick
|
0-0: Ball 1-0: Ball 2-0: Called Strike 2-1: Fly out, F8 (Flyball, 89D, EV 94.4 MPH)
|
|
Batting: RHB Justin Szymczyk
|
0-0: Called Strike 0-1: Foul Ball, location: 2F 0-2: Ball 1-2: Foul Ball, location: 2F 1-2: Ball 2-2: Foul Ball, location: 2F 2-2: Ball 3-2: Strikes out swinging
|
|
Batting: RHB Pat Svenson
|
0-0: Ball 1-0: Foul Ball, location: 2F 1-1: Ground out 4-3 (Groundball, 34, EV 96.9 MPH)
|
| Top of the 6th over - 0 runs, 0 hits, 0 errors, 0 left on base; University of Georgia 0 - California State University at Fullerton 0 |
| BOTTOM OF THE 6TH |
|
California State University at Fullerton Titans batting - Pitching for University of Georgia Bulldogs : RHP Rich Gold
|
|
Pitching: LHP Vinny Segarra
|
|
|
Batting: RHB Sergio Cervantes
|
0-0: Ball 1-0: Hit by Pitch
|
|
Pinch Runner at 1st B.J. Ferguson:
|
|
|
Batting: RHB Justin Thomas
|
0-0: Ball 1-0: Foul Ball, location: 2F 1-1: Called Strike 1-2: Strikes out looking
|
|
Batting: LHB John Blumberg
|
0-0: Foul Ball, location: 2F 0-1: Ball 1-1: Ball 2-1: Called Strike 2-2: Strikes out swinging
|
|
Batting: RHB Simon Sultzbach
|
0-0: Called Strike 0-1: Swinging Strike 0-2: Strikes out swinging
|
| Bottom of the 6th over - 0 runs, 0 hits, 0 errors, 1 left on base; University of Georgia 0 - California State University at Fullerton 0 |
| TOP OF THE 7TH |
|
University of Georgia Bulldogs batting - Pitching for California State University at Fullerton Titans : RHP John Woods
|
|
Pitching: RHP Julio Moreno
|
|
|
Now at 2B: B.J. Ferguson
|
|
|
Batting: RHB Murilo Cunha
|
0-0: Swinging Strike 0-1: Swinging Strike 0-2: Strikes out swinging
|
|
Batting: RHB Rodolfo Solis
|
0-0: Foul Ball, location: 2F 0-1: Hit by Pitch
|
|
Batting: LHB Andy Dyer
|
0-0: Swinging Strike 0-1: Ball 1-1: Called Strike 1-2: Fielders Choice at 2nd, 4-6 (Groundball, 4, EV 88.1 MPH)
|
|
Batting: LHB Bryan Ross
|
0-0: Ball 1-0: Ball 2-0: Ball 3-0: Called Strike 3-1: Base on Balls Andy Dyer to second
|
|
Batting: RHB Ed Howard
|
0-0: Foul Ball, location: 2F 0-1: Swinging Strike 0-2: Fielders Choice at 2nd, 6-4 (Groundball, 6, EV 80.6 MPH)
|
| Top of the 7th over - 0 runs, 0 hits, 0 errors, 2 left on base; University of Georgia 0 - California State University at Fullerton 0 |
| BOTTOM OF THE 7TH |
|
California State University at Fullerton Titans batting - Pitching for University of Georgia Bulldogs : LHP Vinny Segarra
|
|
Batting: RHB Joe McKinzie
|
0-0: Foul Ball, location: 2F 0-1: Foul Ball, location: 2F 0-2: Strikes out looking
|
|
Batting: RHB Alex Freyre
|
0-0: Called Strike 0-1: Ball 1-1: Called Strike 1-2: Strikes out swinging
|
|
Batting: RHB Jeremy Evans
|
0-0: Ground out 6-3 (Groundball, 6, EV 95.0 MPH)
|
| Bottom of the 7th over - 0 runs, 0 hits, 0 errors, 0 left on base; University of Georgia 0 - California State University at Fullerton 0 |
| TOP OF THE 8TH |
|
University of Georgia Bulldogs batting - Pitching for California State University at Fullerton Titans : RHP Julio Moreno
|
|
Pitching: RHP Jaime Zapata
|
|
|
Batting: LHB Luis Mejia
|
0-0: Ball 1-0: Called Strike 1-1: Foul Ball, location: 2F 1-2: Ball 2-2: Ball 3-2: Ground out 4-3 (Groundball, 4M, EV 89.4 MPH)
|
|
Pinch Hitting: RHB Javier Alcorta
|
0-0: Foul Ball, location: 2F 0-1: Ball 1-1: Foul Ball, location: 2F 1-2: Foul Ball, location: 2F 1-2: Ball 2-2: Ball 3-2: Strikes out swinging
|
|
Pinch Hitting: RHB Albert Rodriguez
|
0-0: Called Strike 0-1: Called Strike 0-2: Strikes out looking
|
| Top of the 8th over - 0 runs, 0 hits, 0 errors, 0 left on base; University of Georgia 0 - California State University at Fullerton 0 |
| BOTTOM OF THE 8TH |
|
California State University at Fullerton Titans batting - Pitching for University of Georgia Bulldogs : LHP Vinny Segarra
|
|
Pitching: RHP Alex Vasquez
|
|
|
Now at 2B: Albert Rodriguez
|
|
|
Now at SS: James Warby
|
|
|
Batting: RHB Zach Warwick
|
0-0: Ball 1-0: Ground out 4-3 (Groundball, 4, EV 86.2 MPH)
|
|
Batting: LHB Steve Lane
|
0-0: Foul Ball, location: 2F 0-1: Foul Ball, location: 2F 0-2: Ball 1-2: Ball 2-2: Foul Ball, location: 2F 2-2: Ground out 5-3 (Groundball, 56S, EV 93.8 MPH)
|
|
Batting: LHB B.J. Ferguson
|
0-0: Ball 1-0: Ball 2-0: Called Strike 2-1: Foul Ball, location: 2F 2-2: Ground out 5-3 (Groundball, 56, EV 106.9 MPH)
|
| Bottom of the 8th over - 0 runs, 0 hits, 0 errors, 0 left on base; University of Georgia 0 - California State University at Fullerton 0 |
| TOP OF THE 9TH |
|
University of Georgia Bulldogs batting - Pitching for California State University at Fullerton Titans : RHP Jaime Zapata
|
|
Pitching: LHP David Garcia
|
|
|
Batting: RHB Pat Svenson
|
0-0: Ball 1-0: Foul Ball, location: 2F 1-1: Foul Ball, location: 2F 1-2: Foul Ball, location: 2F 1-2: Ball 2-2: Ball 3-2: Fly out, F7 (Flyball, 78M, EV 90.6 MPH)
|
|
Batting: RHB Murilo Cunha
|
0-0: SOLO HOME RUN (Flyball, 7LD, EV 95.0 MPH), Distance : 341 ft
|
|
Batting: RHB Rodolfo Solis
|
0-0: Fly out, F8 (Flyball, 8LD, EV 102.5 MPH)
|
|
Batting: LHB Andy Dyer
|
0-0: DOUBLE (Line Drive, 9LS, EV 94.4 MPH)
|
|
Batting: LHB Bryan Ross
|
0-0: Swinging Strike 0-1: Ball 1-1: Called Strike 1-2: Foul Ball, location: 2F 1-2: Ball 2-2: Foul Ball, location: 2F 2-2: Foul Ball, location: 2F 2-2: Ball 3-2: Base on Balls
|
|
Batting: RHB Ed Howard
|
0-0: Swinging Strike 0-1: Fielders Choice at 2nd, U4 (Groundball, 4M, EV 102.5 MPH)
|
| Top of the 9th over - 1 run, 2 hits, 0 errors, 2 left on base; University of Georgia 1 - California State University at Fullerton 0 |
| BOTTOM OF THE 9TH |
|
California State University at Fullerton Titans batting - Pitching for University of Georgia Bulldogs : RHP Alex Vasquez
|
|
Pitching: LHP Andres Caceres
|
|
|
Batting: RHB Justin Thomas
|
0-0: Ball 1-0: Ball 2-0: Foul Ball, location: 2F 2-1: Foul Ball, location: 2F 2-2: Ball 3-2: Foul Ball, location: 2F 3-2: Fly out, F8 (Flyball, 8LM, EV 87.5 MPH)
|
|
Batting: LHB John Blumberg
|
0-0: Ball 1-0: SINGLE (Line Drive, 7LM, EV 110.6 MPH)
|
|
Batting: RHB Simon Sultzbach
|
0-0: Ball 1-0: Ball 2-0: Ball 3-0: Called Strike 3-1: Grounds into double play, 6-4-3 (Groundball, 6, EV 83.1 MPH)
|
| Bottom of the 9th over - 0 runs, 1 hit, 0 errors, 0 left on base; University of Georgia 1 - California State University at Fullerton 0 |
|